 Dungeon Crawl Stone Soup version 5.5-19-gbfab8aa (webtiles) character file.

98 rlgrobin the Cudgeler (level 5, -3/48 HPs)
             Began as a Titan Fighter on May 6, 2018.
             Slain by a killer bee (7 damage)
             ... on level 7 of the Dungeon.
             The game lasted 00:04:30 (1952 turns).

rlgrobin the Cudgeler (Titan Fighter)               Turns: 1952, Time: 00:04:30

Health: -3/48      AC:  5 (0%)Str: 26   XL:     5   Next: 42%
Magic:  11/11      EV:  9    Int: 17    God:
Gold:   108        SH:  9    Dex: 15    Spells: 8/8 levels left

rFire    . . .     SeeInvis .   a - +0 flail {gas the devs, trunk war now}
rCold    . . .     Faith    .   c - +0 shield
rNeg     . . .     Spirit   .   b - +0 robe
rPois    .         Reflect  .   (helmet restricted)
rElec    +                      (no cloak)
rCorr    .                      (gloves unavailable)
MR       .....                  (boots unavailable)
Stlth    +.........             (no amulet)
Regen    0.2/turn               h - +3 ring of protection
MPRegen  0.2/turn               (no ring)

@: mighty, brilliant, very slightly contaminated
A: unfitting armour, frail 1, high mp 1, electricity resistance
a: no special abilities


You were on level 7 of the Dungeon.
You were not hungry.

You visited 1 branch of the dungeon, and saw 7 of its levels.

You collected 108 gold pieces.


Innate Abilities, Weirdness & Mutations

You are too large for most types of armour.
You have an increased reservoir of magic. (+10% MP)
You are resistant to electric shocks. (rElec)
You are frail. (-10% HP)


   Skills:
 - Level 4.0 Fighting
 + Level 7.6 Maces & Staves
 - Level 2.6 Dodging
 - Level 2.6 Shields


You had 8 spell levels left.
You didn't know any spells.

Inventory:

Hand Weapons
 a - a +0 flail (weapon) {gas the devs, trunk war now}
Armour
 b - a +0 robe (worn)
 c - a +0 shield (worn)
Jewellery
 h - a +3 ring of protection (left hand)
Wands
 o - a wand of iceblast (4)
Scrolls
 e - a scroll of enchant weapon
 g - a scroll of magic mapping
 i - a scroll of teleportation {@r4}
 j - a scroll of enchant armour
 l - a scroll of amnesia
Potions
 f - 3 potions of haste {@q3}
 k - 2 potions of cancellation

Dungeon Overview and Level Annotations

Branches:
Dungeon (7/15)

..▒
▒.......▒▒..............
▒................._.....
.........................
...▒▒▒....▒+▒▒▒y▒▒▒▒▒▒▒..
▒....▒. ▒.▒▒▒▒▒....
▒....▒.▒▒▒..........
▒........+..........
▒▒..▒▒▒.▒▒y.........
.......Cy.s.....▒▒▒▒
.▒▒▒▒▒▒▒............
▒▒▒▒▒▒▒▒..... ..... ....
... +▒▒


You could see a scorpion and 2 killer bees.


Message History

A crimson imp comes into view.
The crimson imp shouts!
You thump the crimson imp (10)!
The crimson imp is severely wounded.
The crimson imp hits you (3).
* * * LOW HITPOINT WARNING * * *
You completely miss the crimson imp.
The crimson imp is severely wounded.
You block the crimson imp's attack.
The crimson imp hits you but does no damage.
A scorpion comes into view.
You closely miss the crimson imp.
The crimson imp is heavily wounded.
The crimson imp hits you but does no damage.
You miss the crimson imp.
The crimson imp is heavily wounded.
The crimson imp hits you but does no damage.
You miss the crimson imp.
The crimson imp is moderately wounded.
The crimson imp barely misses you.
The killer bee buzzes angrily.
You bludgeon the crimson imp (25)!!
You kill the crimson imp!
Okay, then.
Unknown command.
The killer bee buzzes angrily.
The killer bee barely misses you. You block the killer bee's attack.
The killer bee stings you (7)!
You die...

Action                   |  1- 3 |  4- 6 || total
-------------------------+-------+-------++-------
Melee: Flail             |   126 |    47 ||   173
  Use: Scroll            |       |     2 ||     2
       Potion            |       |     2 ||     2
 Stab: Sleeping          |     2 |     1 ||     3
Armor: Robe              |    37 |    13 ||    50
Dodge: Dodged            |    41 |    24 ||    65
Block: Shield            |    69 |    21 ||    90

Vault maps used:
D:1:      lordsloth_arrival_two_stooges
D:2:      marbit_many_paths, lemuel_crystal_altar,
          lemuel_coloured_pillars_altar, dancing_weapons_uskayaw,
          grunt_temple_overflow_open
D:3:      nicolae_overflow_crystal_walls, chequers_ecumenical_altar_lobes,
          uniq_crazy_yiuf_cottage
D:4:      zin_treasury, xom_butterflies
D:5:      nicolae_ru_path_of_blood, lemuel_crystal_altar, lemuel_round_altar,
          old_standard_altar, old_standard_altar, trog_eyes_of_draining,
          gammafunk_temple_overflow_statue
D:6:      basic_altar
D:7:      corexii_shantytown, overflow_temple_1_default, lemuel_doored_altar,
          basic_altar, cheibriados_altar_wand_db

Notes
Turn   | Place    | Note
-------+----------+-------------------------------------------
     0 | D:1      | rlgrobin the Titan Fighter began the quest for the Orb.
     0 | D:1      | Reached XP level 1. HP: 24/24 MP: 4/4
   123 | D:1      | Reached skill level 3 in Maces & Staves
   155 | D:1      | Reached XP level 2. HP: 22/32 MP: 6/6
   375 | D:1      | Reached skill level 4 in Maces & Staves
   766 | D:2      | Found a white marble altar of Elyvilon.
   778 | D:2      | Found a snail-covered altar of Cheibriados.
   803 | D:2      | Reached XP level 3. HP: 33/39 MP: 7/7
   804 | D:2      | Found a stormy altar of Qazlal.
   958 | D:2      | Reached skill level 5 in Maces & Staves
   994 | D:2      | Found a deep blue altar of Sif Muna.
  1019 | D:2      | Noticed a dagger
  1020 | D:2      | Noticed a dagger
  1026 | D:2      | Found a hide-covered altar of Uskayaw.
  1140 | D:2      | Found an opulent altar of Gozag.
  1495 | D:2      | Found a radiant altar of Vehumet.
  1521 | D:2      | Reached XP level 4. HP: 34/48 MP: 9/9
  1710 | D:5      | Entered Level 5 of the Dungeon
  1766 | D:5      | Reached skill level 6 in Maces & Staves
  1800 | D:5      | Found a burning altar of Makhleb.
  1822 | D:5      | Gained mutation: You are frail. (-10% HP) [mutagenic hatch]
  1870 | D:7      | Found a sparkling altar of Nemelex Xobeh.
  1884 | D:7      | Reached skill level 7 in Maces & Staves
  1884 | D:7      | Reached XP level 5. HP: 46/48 MP: 11/11
  1918 | D:7      | Found a shimmering altar of Xom.
  1942 | D:7      | HP: 3/48 [crimson imp (3)]
  1952 | D:7      | Slain by a killer bee

Vanquished Creatures
  2 crimson imps (D:7)
  An iguana (D:5)
  3 adders
  A shadow imp (D:7)
  A dart slug (D:1)
  An orc (D:6)
  4 quokkas
  2 giant cockroaches (D:2)
  4 goblins
  4 hobgoblins
  8 jackals
  5 kobolds
  6 bats
  A frilled lizard (D:2)
  5 rats
48 creatures vanquished.
